 Dungeon Crawl Stone Soup version 0.24.0-123-gd5b16e6ec5 (webtiles) character file.

Game seed: 8214615159411332642, levelgen mode: deterministic

89898 Peloso the Fencer (level 15, -11/139 HPs)
             Began as a Minotaur Fighter on Jan 11, 2020.
             Was the Champion of Okawaru.
             Mangled by a harpy (12 damage)
             ... summoned by Kirke
             ... on level 14 of the Dungeon.
             The game lasted 00:58:39 (25298 turns).

Peloso the Fencer (Minotaur Fighter)               Turns: 25298, Time: 00:58:40

Health: -11/139    AC:  0    Str: 26    XL:     15   Next: 50%
Magic:  15/15      EV: 17    Int:  5    God:    Okawaru [******]
Gold:   2584       SH:  0    Dex: 11    Spells: 14/14 levels left

rFire    . . .     SeeInvis .   (weapon currently unavailable)
rCold    . . .     Gourm    .   (shield currently unavailable)
rNeg     . . .     Faith    .   (armour currently unavailable)
rPois    .         Spirit   .   (helmet currently unavailable)
rElec    .         Reflect  .   (cloak currently unavailable)
rCorr    .         Harm     .   (gloves currently unavailable)
MR       +....                  (boots currently unavailable)
Stlth    ++........             T - amulet of magic regeneration
HPRegen  0.33/turn              (ring currently unavailable)
MPRegen  0.39/turn              (ring currently unavailable)

@: about to teleport, pig-form (expiring), very quick
A: small, (retaliatory headbutt)
a: Heroism, Finesse, Renounce Religion


You were on level 14 of the Dungeon.
You worshipped Okawaru.
Okawaru was exalted by your worship.
You were not hungry.
You were a filthy swine.
You visited 3 branches of the dungeon, and saw 21 of its levels.

You collected 2878 gold pieces.
You spent 294 gold pieces at shops.

Inventory:

Hand Weapons
 a - a +6 scimitar of flaming (melded)
 b - a +0 scimitar of electrocution
Armour
 c - a +0 shield (melded)
 k - a +0 pair of boots (melded)
 o - the +4 scale mail of the Blessed Realm {rC++}
   (You found it on level 4 of the Lair of Beasts)

   It greatly protects you from cold.
 s - a +1 chain mail of magic resistance (melded)
 w - the +3 pair of boots of the Orb Guardian {Int-5 Dex+6}
   (Okawaru gifted it to you on level 4 of the Lair of Beasts)

   It affects your intelligence (-5).
   It affects your dexterity (+6).
 x - a +1 chain mail of fire resistance
 A - a +2 hat (melded)
 O - a +1 pair of gloves of strength (melded)
 S - a scarf of repulsion (melded)
Jewellery
 y - an uncursed ring of positive energy
 F - a ring of wizardry (melded)
 I - an uncursed ring of protection from magic
 L - the ring of Lielonesch (melded) {rC+ Dex+4 SInv}
   (You found it on level 11 of the Dungeon)

   [ring of protection from cold]

   It affects your dexterity (+4).
   It protects you from cold.
   It lets you see invisible.
 R - an uncursed ring of fire
 T - an amulet of magic regeneration (around neck)
 U - a +2 ring of dexterity
Wands
 e - a wand of iceblast (9)
 C - a wand of polymorph (6)
 E - a wand of clouds (3)
Scrolls
 h - 5 scrolls of magic mapping
 i - 8 scrolls of identify
 n - 2 scrolls of fear
 r - a scroll of fog
 t - 9 scrolls of teleportation
 v - 11 scrolls of remove curse
 B - a scroll of amnesia
 J - a scroll of acquirement
Potions
 d - 4 potions of might
 g - 5 potions of flight
 j - 2 potions of invisibility
 l - 2 potions of mutation
 m - a potion of curing
 u - 4 potions of agility
 z - 3 potions of haste
 D - a potion of heal wounds
Miscellaneous
 p - a lightning rod (4/4)
 q - a fan of gales
 H - a phantom mirror
Comestibles
 f - 32 rations


   Skills:
 + Level 14.8 Fighting
 + Level 16.6 Long Blades
 + Level 15.1 Armour
 + Level 6.6 Dodging
 + Level 2.6 Stealth
 + Level 16.6 Shields
 + Level 2.2 Invocations
 + Level 1.3 Evocations


You had 14 spell levels left.
You didn't know any spells.
Your spell library contained the following spells:

 Spells                   Type           Power        Failure   Level  Hunger
 Animate Skeleton         Necr           N/A          47%         1    ##.....
 Apportation              Tloc           #.....       47%         1    ##.....
 Beastly Appendage        Tmut           #.....       47%         1    ##.....
 Confusing Touch          Hex            #.....       47%         1    ##.....
 Corona                   Hex            #......      47%         1    ##.....
 Pain                     Necr           #...         47%         1    ##.....
 Summon Butterflies       Summ           #.......     47%         1    ##.....
 Summon Small Mammal      Summ           #...         47%         1    ##.....
 Blink                    Tloc           N/A          63%         2    ###....
 Shroud of Golubria       Chrm/Tloc      #.....       63%         2    ###....
 Slow                     Hex            #.......     63%         2    ###....
 Sticks to Snakes         Tmut           #.......     63%         2    ###....
 Call Canine Familiar     Summ           #.......     85%         3    ####...
 Gell's Gravitas          Tloc           #.........   85%         3    ####...
 Inner Flame              Hex/Fire       #.......     85%         3    ####...
 Lesser Beckoning         Tloc           #.........   85%         3    ####...
 Portal Projectile        Hex/Tloc       #.....       85%         3    ####...
 Regeneration             Chrm/Necr      #.........   85%         3    ####...
 Spider Form              Tmut/Pois      #.........   85%         3    ####...
 Static Discharge         Conj/Air       #.......     85%         3    ####...
 Teleport Other           Tloc           #.......     85%         3    ####...
 Vampiric Draining        Necr           #.........   85%         3    ####...
 Animate Dead             Necr           N/A          99%         4    #####..
 Cause Fear               Hex            #.........   99%         4    #####..
 Ice Form                 Ice/Tmut       #.......     99%         4    #####..
 Leda's Liquefaction      Hex/Erth       #.........   99%         4    #####..
 Passage of Golubria      Tloc           N/A          99%         4    #####..
 Summon Ice Beast         Ice/Summ       #.......     99%         4    #####..
 Blade Hands              Tmut           #.........   100%        5    ######.
 Lightning Bolt           Conj/Air       #.........   100%        5    ######.
 Summon Mana Viper        Hex/Summ       #.......     100%        5    ######.
 Summon Hydra             Summ           #.........   100%        7    #######
 Ignition                 Fire           #.........   100%        8    #######
 Shatter                  Erth           #.........   100%        9    #######
 Tornado                  Air            #.........   100%        9    #######


Dungeon Overview and Level Annotations

Branches:
Dungeon (14/15) Temple (1/1) D:4 Lair (6/6) D:8 Shoals (0/4) Lair:3 Spider (0/4) Lair:4 Slime (0/5) Lair:5 Orc (0/2) D:11 Vaults (0/5) D:13 D:14

Altars:
Ashenzari
Cheibriados
Dithmenos
Elyvilon
Fedhas
Gozag
Hepliaklqana
Kikubaaqudgha
Makhleb
Nemelex Xobeh
Okawaru
Qazlal
Ru
Sif Muna
Trog
Uskayaw
Vehumet
Wu Jian
Xom
Yredelemnul
Zin
The Shining One
Jiyva

Shops:
D:5 (   D:8 (

Annotations:
D:14 Kirke


Innate Abilities, Weirdness & Mutations

((You reflexively headbutt those who attack you in melee.))
((You have a pair of horns on your head.))


Message History

The harpy claws you!
* * * LOW HITPOINT WARNING * * *
The harpy claws you.
* * * LOW HITPOINT WARNING * * *
Unknown command.
As you read the scroll of teleportation, it crumbles to dust.
You feel strangely unstable.
The harpy disappears in a puff of smoke!
The harpy completely misses you. x2
Okay, then.
Your transformation is almost over.
The harpy screeches!
The harpy barely misses you. The harpy closely misses you.
The harpy disappears in a puff of smoke!
The harpy closely misses you. The harpy misses you.
The harpy screeches!
The harpy claws you!
* * * LOW HITPOINT WARNING * * *
The harpy claws you!
You die...

##### # #...# #
####...###########
#######.................
........................
#.####.#############.##
#.# #H..H....#.# #h#
#.######.#.# #H####.#
#.#.# #...ยง..# #.#.#
#############H#.#
#.........#.#H#
#.#######.#.#H#
#.#.......#.#.##
#.#.#####.......
#.#.#...........


You could see a harpy.

Vanquished Creatures
  Frances (D:14)
  Gastronok (D:8)
  2 entropy weavers (D:12)
  Fannar (Lair:1)
  Harold (D:7)
  6 hydras
  Erica (Lair:2)
  5 catoblepae
  7 two-headed ogres
  3 centaur warriors
  A queen ant (D:12)
  An ogre mage (D:11)
  8 death yaks
  Sonja (Lair:2)
  5 skeletal warriors
  2 unseen horrors (D:11)
  Pikel (D:8)
  2 orc knights
  A necromancer (Lair:5)
  2 deep elf magi
  4 oklob plants (Lair:3)
  12 ugly things
  A cyclops (D:11)
  4 manticores
  7 black mambas
  18 spiny frogs
  2 yaktaurs (D:11)
  2 efreet
  2 kobold demonologists (D:14)
  2 freezing wraiths
  A rime drake (Lair:6)
  9 komodo dragons
  A meliai (D:11)
  3 trolls
  2 polar bears (Lair:6)
  A hornet (D:13)
  10 hippogriffs
  2 slime creatures (D:14)
  11 blink frogs
  12 dream sheep
  Grinder (D:5)
  2 meliai zombies
  A spriggan (D:7)
  A shadow (D:12)
  A redback (Lair:4)
  A vampire (D:13)
  7 hogs (D:14)
  A wraith (D:13)
  36 yaks
  The ghost of puimuR the Chopper, an amateur HOMo (D:6)
  3 wyverns
  16 humans
  A steam dragon (D:9)
  Grum (D:8)
  9 vampire mosquitoes
  The ghost of nodrog the Magician, an amateur GnWz of Sif Muna (D:3)
  21 soldier ants
  2 acid dragons (D:11)
  Duvessa (D:6)
  13 water moccasins
  8 porcupines
  4 orc warriors (D:11)
  2 ice beasts
  4 sky beasts
  A slave (D:8)
  3 black bears
  4 phantoms
  A black bear (shapeshifter) (D:14)
  A necrophage (D:10)
  8 ogres
  6 centaurs
  17 wolves
  10 crocodiles
  3 big kobolds
  17 bullfrogs
  A wyvern zombie (D:12)
  Dowan (D:6)
  2 scorpions (D:11)
  A wyvern skeleton (D:13)
  4 wights (D:13)
  9 killer bees
  An electric eel (Lair:3)
  4 howler monkeys
  6 crimson imps
  10 hounds
  3 centaur zombies
  4 bullfrog zombies
  5 orc priests
  14 orc wizards
  2 quasits (D:12)
  3 bullfrog skeletons
  3 jellies
  4 centaur skeletons
  Ijyb (D:3)
  17 iguanas
  38 worker ants
  A polar bear simulacrum (Lair:5)
  2 yak simulacra (Lair:5)
  A wolf simulacrum (Lair:5)
  A hound skeleton (D:4)
  A howler monkey zombie (D:8)
  A worker ant zombie (D:11)
  A howler monkey skeleton (D:6)
  18 adders
  8 gnolls
  2 shadow imps (D:10)
  A worker ant simulacrum (D:11)
  2 oozes
  2 adder zombies
  4 adder skeletons
  4 worms
  3 dart slugs
  6 leopard geckos
  43 orcs
  5 giant cockroaches
  10 goblins
  4 hobgoblins (D:1)
  12 jackals
  16 kobolds
  A quokka (D:6)
  2 ball pythons
  9 bats
  9 frilled lizards
  A quokka skeleton (D:6)
  6 rats
  7 river rat simulacra (Lair:5)
  5 plants
688 creatures vanquished.

Vanquished Creatures (others)
  A sky beast (D:11)
  A bullfrog skeleton (D:11)
  An adder (D:8)
  An orc (D:8)
  A fungus (Lair:3)
  3 plants
  5 toadstools (D:1)
13 creatures vanquished.

Grand Total: 701 creatures vanquished

Notes
Turn   | Place    | Note
-------+----------+-------------------------------------------
     0 | D:1      | Peloso the Minotaur Fighter began the quest for the Orb.
     0 | D:1      | Reached XP level 1. HP: 19/19 MP: 0/0
   114 | D:1      | Reached XP level 2. HP: 26/27 MP: 1/1
   466 | D:2      | Reached XP level 3. HP: 7/33 MP: 2/2
  1078 | D:3      | Reached XP level 4. HP: 40/41 MP: 3/3
  1252 | D:3      | Found a runed translucent door.
  1279 | D:3      | Noticed nodrog's ghost (amateur GnWz)
  1303 | D:3      | Noticed Ijyb
  1328 | D:3      | Killed Ijyb
  1328 | D:3      | Reached XP level 5. HP: 41/47 MP: 4/4
  1892 | D:4      | Noticed a phantom
  1893 | D:4      | Found a staircase to the Ecumenical Temple.
  1940 | D:4      | Killed a phantom
  1940 | D:4      | Reached skill level 5 in Armour
  1940 | D:4      | Reached XP level 6. HP: 22/53 MP: 5/5
  1945 | Temple   | Entered the Ecumenical Temple
  2097 | Temple   | Became a worshipper of Warmaster Okawaru
  2185 | D:4      | Reached skill level 5 in Long Blades
  2205 | D:4      | Got a brightly glowing hunting sling
  2206 | D:4      | Identified the +6 hunting sling "Duggon" {speed, -Tele rN+
                  | Dex+3} (You found it on level 4 of the Dungeon)
  2236 | D:4      | Reached skill level 5 in Shields
  2588 | D:4      | Found a shimmering altar of Xom.
  2664 | D:5      | Entered Level 5 of the Dungeon
  2664 | D:5      | Noticed Grinder
  2673 | D:4      | Reached XP level 7. HP: 57/60 MP: 6/6
  2703 | D:5      | Killed Grinder
  2703 | D:5      | Reached skill level 5 in Fighting
  2776 | D:5      | Reached * piety under Okawaru
  2781 | D:5      | Found Oxzadef's Antique Weapon Shop.
  2792 | D:5      | Bought a runed scimitar for 147 gold pieces
  2815 | D:5      | Reached skill level 1 in Dodging
  3032 | D:5      | Reached XP level 8. HP: 38/69 MP: 7/7
  3427 | D:5      | Bought a runed scimitar for 147 gold pieces
  3729 | D:6      | Found a runed translucent door.
  3742 | D:6      | Noticed puimuR's ghost (amateur HOMo)
  3785 | D:6      | Found a runed translucent door.
  3863 | D:6      | Noticed Duvessa
  3863 | D:6      | Noticed Dowan
  3885 | D:6      | Killed Duvessa
  3891 | D:6      | Killed Dowan
  4033 | D:6      | Reached ** piety under Okawaru
  4410 | D:6      | Found a sparkling altar of Nemelex Xobeh.
  4725 | D:7      | Reached XP level 9. HP: 62/75 MP: 8/8
  4973 | D:7      | Reached skill level 10 in Long Blades
  5035 | D:7      | Noticed Harold
  5047 | D:7      | Killed Harold
  5047 | D:7      | Reached *** piety under Okawaru
  5338 | D:7      | Found a shadowy altar of Dithmenos.
  5499 | D:7      | Reached **** piety under Okawaru
  5785 | D:8      | Found a staircase to the Lair.
  5785 | D:8      | Found Giaren's Weapon Emporium.
  5789 | D:8      | Noticed a two-headed ogre
  5803 | D:8      | Killed a two-headed ogre
  5803 | D:8      | Reached skill level 1 in Stealth
  5803 | D:8      | Reached XP level 10. HP: 77/86 MP: 6/9
  5856 | D:8      | Noticed Grum
  5891 | D:8      | Killed Grum
  5937 | D:8      | Noticed Pikel
  6484 | D:8      | Found a glowing silver altar of Zin.
  6520 | D:8      | Killed Pikel
  6520 | D:8      | Reached ***** piety under Okawaru
  6521 | D:8      | You fall into a shaft and drop 3 floors!
  6521 | D:11     | Noticed a deep elf mage
  6522 | D:11     | Noticed a two-headed ogre
  6528 | D:11     | Noticed a two-headed ogre
  6544 | D:11     | Killed a two-headed ogre
  6894 | D:10     | Entered Level 10 of the Dungeon
  6895 | D:10     | Noticed a two-headed ogre
  6903 | D:10     | Killed a two-headed ogre
  6903 | D:10     | Reached skill level 10 in Shields
  7406 | D:9      | Received a gift from Okawaru
  7602 | D:9      | Reached XP level 11. HP: 91/95 MP: 10/10
  7681 | D:9      | Noticed a two-headed ogre
  7691 | D:9      | Killed a two-headed ogre
  7691 | D:9      | Reached skill level 10 in Armour
  8086 | D:8      | Found a hide-covered altar of Uskayaw.
  8134 | D:8      | Noticed Gastronok
  8150 | D:8      | Killed Gastronok
  8150 | D:8      | Received a gift from Okawaru
  8150 | D:8      | Reached skill level 1 in Invocations
  8463 | D:8      | Found a stormy altar of Qazlal.
  8463 | D:8      | Found a white marble altar of Elyvilon.
  9252 | D:11     | Identified the +7 shortbow of Nilaw {freeze, *Slow rC+
                  | Stlth+}
  9252 | D:11     | Noticed a centaur warrior
  9263 | D:11     | Killed a centaur warrior
  9469 | D:11     | Found a staircase to the Orcish Mines.
  9519 | D:11     | Got a fine jade ring
  9521 | D:11     | Identified the ring of Lielonesch {rC+ Dex+4 SInv} (You
                  | found it on level 11 of the Dungeon)
  9656 | D:11     | Noticed a cyan ugly thing
  9670 | D:11     | Killed a cyan ugly thing
  9749 | D:11     | Noticed a five-headed hydra
  9777 | D:11     | Killed a one-headed hydra
  9954 | D:11     | Noticed an ogre mage
  9962 | D:11     | Noticed a centaur warrior
  9973 | D:11     | Killed an ogre mage
  9979 | D:11     | Killed a centaur warrior
 10017 | D:11     | Reached XP level 12. HP: 27/106 MP: 9/12
 10308 | D:11     | Reached skill level 10 in Fighting
 10430 | D:11     | Killed a two-headed ogre
 10730 | D:11     | Reached ****** piety under Okawaru
 10730 | D:11     | Received a gift from Okawaru
 12065 | D:3      | Killed nodrog's ghost
 12230 | D:6      | Killed puimuR's ghost
 12789 | D:12     | Noticed a two-headed ogre
 12799 | D:12     | Killed a two-headed ogre
 13295 | Lair:1   | Entered Level 1 of the Lair of Beasts
 13362 | Lair:1   | Noticed Fannar
 13392 | Lair:1   | Killed Fannar
 13877 | Lair:1   | Reached XP level 13. HP: 108/116 MP: 13/13
 14609 | Lair:2   | Received a gift from Okawaru
 14618 | Lair:2   | Got a faintly humming ring mail {god gift}
 14647 | Lair:2   | Identified the +0 ring mail of Compassion {+Blink Int+2}
                  | (Okawaru gifted it to you on level 2 of the Lair of Beasts)
 14919 | Lair:2   | Noticed Erica
 14923 | Lair:2   | Noticed Sonja
 14930 | Lair:2   | Killed Erica
 14938 | Lair:2   | Killed Sonja
 14938 | Lair:2   | Reached skill level 15 in Long Blades
 15354 | Lair:2   | Reached skill level 1 in Evocations
 15949 | Lair:3   | Found a staircase to the Shoals.
 16561 | Lair:4   | Got a transparent scale mail
 16853 | Lair:4   | Found a hole to the Spider Nest.
 17518 | Lair:4   | Received a gift from Okawaru
 17531 | Lair:4   | Got a pair of shimmering boots {god gift}
 17542 | Lair:4   | Identified the +3 pair of boots of the Orb Guardian {Int-5
                  | Dex+6} (Okawaru gifted it to you on level 4 of the Lair of
                  | Beasts)
 17542 | Lair:4   | Lost intelligence.
 17566 | Lair:4   | Identified the +4 scale mail of the Blessed Realm {rC++}
                  | (You found it on level 4 of the Lair of Beasts)
 18244 | Lair:5   | Reached skill level 5 in Dodging
 18373 | Lair:5   | Found a staircase to the Slime Pits.
 18373 | Lair:5   | Found a viscous altar of Jiyva.
 18669 | Lair:5   | Reached XP level 14. HP: 127/127 MP: 14/14
 18784 | Lair:6   | Entered Level 6 of the Lair of Beasts
 20207 | Lair:6   | Received a gift from Okawaru
 20314 | Lair:6   | Reached skill level 15 in Shields
 22216 | D:13     | Noticed an entropy weaver
 22222 | D:13     | Noticed an entropy weaver
 22374 | D:12     | Killed an entropy weaver
 22374 | D:12     | Received a gift from Okawaru
 22385 | D:12     | Got a jewelled double sword {god gift}
 22386 | D:12     | Identified the +1 double sword of Nityf {slice, *Contam
                  | +Fly rF+ Int+3} (Okawaru gifted it to you on level 12 of
                  | the Dungeon)
 22577 | D:12     | Killed an entropy weaver
 23004 | D:12     | Reached XP level 15. HP: 64/138 MP: 15/15
 23775 | D:13     | Reached skill level 15 in Armour
 23901 | D:13     | Received a gift from Okawaru
 24070 | D:13     | Identified a scroll of acquirement
 24101 | D:14     | Found a gate to the Vaults.
 24748 | D:14     | Noticed Kirke
 25050 | D:14     | Noticed Frances
 25068 | D:14     | Killed Frances
 25298 | D:14     | HP: 1/139 [harpy[Kirke] (17)]
 25298 | D:14     | Mangled by a harpy

Levels and vault maps discovered:
D:1:      ldierk_walled_garden, layout_rooms
D:2:      layout_basic, small_statue_intersection
D:3:      layout_basic, ebering_ghost_reflecting_pool,
          kennysheep_decorative_pillar, uniq_ijyb
D:4:      layout_rooms, tgw_xom, minmay_temple_entry_large_hall
D:5:      layout_cave_pools, serial_shops,
          nicolae_shop_temple_entry_statues_fountains, first_ration,
          minmay_lizard_king, uniq_grinder
D:6:      layout_loops_corners, lemuel_coloured_pillars_altar,
          ebering_ghost_sewer_f, uniq_duvessa
D:7:      layout_loops_corners, the_bakery, minivault_27,
          grunt_dithmenos_shadows, uniq_harold
D:8:      layout_rooms, nicolae_overflow_hidden_temple, serial_shops, shop,
          uniq_gastronok, uniq_pikel, uniq_grum
D:9:      layout_grid_maze, kennysheep_generic_room_11
D:10:     layout_rooms
D:11:     minmay_the_grid_square_5x5_5x5
          [minmay_the_grid_square_5x5_almost_minimal,
          minmay_the_grid_square_5x5_bite, minmay_the_grid_square_5x5_detours,
          minmay_the_grid_square_5x5_lines, minmay_the_grid_square_5x5_forky,
          minmay_the_grid_square_5x5_trominoes,
          minmay_the_grid_square_5x5_prize_gold,
          minmay_the_grid_square_5x5_slash,
          minmay_the_grid_square_5x5_prize_pseudospiral,
          minmay_the_grid_square_5x5_three,
          minmay_the_grid_square_5x5_broken_cross,
          minmay_the_grid_square_5x5_tri_point,
          minmay_the_grid_square_5x5_prize_waves,
          minmay_the_grid_square_5x5_minibox, minmay_the_grid_square_5x5_eight,
          minmay_the_grid_square_5x5_checkered_statues,
          minmay_the_grid_square_5x5_prize_deathbox,
          minmay_the_grid_square_5x5_n, minmay_the_grid_square_5x5_prize_itemx,
          minmay_the_grid_square_5x5_one_wall,
          minmay_the_grid_square_5x5_gyroscope, minmay_the_grid_square_5x5_plus,
          minmay_the_grid_square_5x5_percent,
          minmay_the_grid_square_5x5_three_walls,
          minmay_the_grid_square_5x5_seven], layout_grid_maze, david_orc_3
D:12:     layout_long_grid
D:13:     layout_roguey, zaba_anthell
D:14:     layout_basic, david_vaults_3, lemuel_tele_altar, grunt_ministairs_2,
          uniq_frances, uniq_kirke
Temple:   eino_temple_scatter_basement
Lair:1:   layout_cave_pods, st_stairs_8, grunt_megastairs_2, uniq_fannar
Lair:2:   layout_misc_corridors, nicolae_lair_grove_arrangements, uniq_sonja,
          uniq_erica
Lair:3:   layout_regular_city, elwin_shoals_entry_rocks, grunt_megastairs_3,
          lemuel_fruit_tree, lemuel_fruit_fields, serial_bayou_shore_b,
          minmay_lair_oklob_chamber, infiniplex_staircase_pool_2
Lair:4:   nzn_motion_control, layout_cave_pods, spider_nest_entry_webs, pond
Lair:5:   layout_cave_pods, slime_altar_1, eino_house_with_fridge
Lair:6:   evilmike_catoblepas_cave, layout_regular_city, serial_bayou_shore_b

Skill      XL: |  1  2  3  4  5  6  7  8  9 10 11 12 13 14 15 |
---------------+----------------------------------------------+-----
Shields        | 4 5 6 7 8 10 12 13 14 15 16 | 16.6
Armour         | 4 5 6 8 9 11 12 13 14 15 | 15.1
Fighting       | 4 5 6 7 8 9 11 12 14 | 14.8
Long Blades    | 3 4 6 7 9 11 12 13 14 15 16 | 16.6
Dodging        | 1 2 3 4 5 6 |  6.6
Stealth        | 1 2 |  2.6
Invocations    | 1 2 |  2.2
Evocations     | 1 |  1.3

Action                   |  1- 3 |  4- 6 |  7- 9 | 10-12 | 13-15 || total
-------------------------+-------+-------+-------+-------+-------++-------
Melee: Long sword        |    71 |   177 |    27 |       |       ||   275
       Headbutt          |     4 |    31 |    66 |   148 |   332 ||   581
       Scimitar          |       |       |   287 |   593 |   922 ||  1802
       Unarmed           |       |       |       |       |     3 ||     3
Invok: Heroism           |       |       |     1 |    12 |     6 ||    19
Evoke: Wand              |       |       |       |       |     6 ||     6
  Use: Potion            |     3 |       |       |     1 |     4 ||     8
       Scroll            |       |       |    11 |     7 |    13 ||    31
  Eat: Chunk             |       |     5 |    10 |    23 |    28 ||    66
       Ration            |       |       |       |     1 |     3 ||     4
Armor: Scale mail        |    36 |     3 |       |       |       ||    39
       Plate armour      |       |    30 |       |       |       ||    30
       Chain mail        |       |    80 |   158 |   168 |   348 ||   754
Dodge: Dodged            |    30 |    39 |    74 |   152 |   422 ||   717
       Deflected         |       |       |       |     2 |    10 ||    12
Block: Shield            |    48 |   102 |   144 |   350 |   666 ||  1310
       Rpst.: Long sword |     6 |    13 |     4 |       |       ||    23
       Scimitar          |       |       |    18 |    35 |   103 ||   156
